 Dungeon Crawl Stone Soup version 0.28.0-45-g0d030f2227 (webtiles) character file.

Game seed: 4666214615082051717

242 zeratav the Insei (level 6, -9/41 HPs)
             Began as an Octopode Transmuter on Apr 7, 2022.
             Was an Initiate of Ashenzari.
             Mangled by an ogre
             ... wielding a +0 giant club
              (14 damage)
             ... on level 4 of the Dungeon.
             The game lasted 00:07:36 (3431 turns).

zeratav the Insei (Octopode Transmuter)             Turns: 3431, Time: 00:07:37

Health: -9/41      AC:  1    Str:  9    XL:     6   Next: 9%
Magic:  8/9        EV: 14    Int: 16    God:    Ashenzari [......]
Gold:   140        SH:  0    Dex: 14    Spells: 8/9 levels left

rFire   . . .      SeeInvis .   g - +0 dagger (speed) {short}
rCold   . . .      Faith    .   (no shield)
rNeg    . . .      Spirit   .   (helmet currently unavailable)
rPois   .          Reflect  .   (no amulet)
rElec   .          Harm     .   (no ring)
rCorr   .          Rampage  .   (no ring)
Will    .....                   (no ring)
Stlth   +++.......              (no ring)
HPRegen 0.13/turn               (no ring)
MPRegen 0.11/turn               (no ring)
                                (no ring)
                                (no ring)

@: appendages
A: tentacle spike 3, almost no armour, amphibious, 8 rings, camouflage 1,
gelatinous body 1, (nimble swimmer 1), tentacles
a: End Transformation, Renounce Religion, Curse Item


You were on level 4 of the Dungeon.
You worshipped Ashenzari.
Ashenzari was noncommittal.
One of your tentacles had grown a beastly spike.
You visited 1 branch of the dungeon, and saw 4 of its levels.

You collected 140 gold pieces.


Innate Abilities, Weirdness & Mutations

One of your tentacles has grown a beastly spike.
You cannot wear most types of armour.
You are amphibious.
You can wear up to eight rings at the same time.
Your skin changes colour to match your surroundings (Stealth+).
Your rubbery body absorbs attacks. (AC +1, EV +1)
((You are camouflaged when in or above water. (Stealth+)))
You have tentacles for arms and can constrict up to eight enemies at once.


   Skills:
 + Level 2.6 Fighting
 + Level 3.2 Dodging
 + Level 3.4 Stealth
 * Level 4.7 Unarmed Combat
 - Level 2.0 Spellcasting
 - Level 2.0 Transmutations


You had 8 spell levels left.
You knew the following spells:

 Your Spells              Type           Power      Damage    Failure   Level
a - Beastly Appendage     Tmut           16%        N/A       9%          1

Your spell library contained the following spells:

 Spells                   Type           Power      Damage    Failure   Level
 Wereblood                Tmut           8%         N/A       14%         2
 Spider Form              Tmut/Pois      4%         N/A       38%         3
 Gell's Gravitas          Tloc           1%         N/A       52%         3
 Lesser Beckoning         Tloc           1%         N/A       52%         3
 Teleport Other           Tloc           1%         N/A       52%         3
 Ice Form                 Ice/Tmut       4%         N/A       80%         4
 Malign Gateway           Summ/Tloc      0%         N/A       100%        7
 Summon Horrible Things   Summ           0%         N/A       100%        8

Inventory:

Hand Weapons
 g - a +0 dagger of speed (weapon) {short}
   (You took it off an orc on level 3 of the Dungeon)
Scrolls
 a - a scroll of amnesia {unknown}
 b - 2 scrolls of fear {unknown}
 c - a scroll of magic mapping {unknown}
 d - 4 scrolls of teleportation {unknown}
 e - a scroll of fog {unknown}
 j - a scroll of enchant weapon {unknown}
Potions
 f - 3 potions of curing {unknown}
 h - a potion of brilliance {unknown}
 i - a potion of might {unknown}

Dungeon Overview and Level Annotations

Branches:
Dungeon (4/15)
 Temple: D:4-7

Altars:
Ashenzari
Hepliaklqana
Vehumet

Shops:
D:1 (

Portals:
Abyss: D:3

Annotations:
D:3 2 transporters, GilGalad's ghost, amateur DjFE

.##.....#
#.####†#
.##.....#
#...##.#
........#
#.#.##.#######
.########
#.............
.#
###..['#######
.#
#...#.......
.#
#.#.#.+####+
.### #.#.#.#
.... ..#@#.#
.##. ####O#.#
..# #.#.# ....
..#.+ ..#. #.#
### #.+ ....
#.. # #...#
#.) #...# #.#


You could see an ogre.


Message History

The kobold closely misses you.
You have reached level 6!
HP[+4]
You now have 41 max hp (+6).
You regained 4 hp, and now have 32/41 hp.
You hit the kobold but do no damage. Your grab misses the kobold.
Your tentacle spike misses the kobold.
You hit the kobold but do no damage. Your grab misses the kobold.
Your tentacle spike misses the kobold.
You squeeze the kobold.
You kill the kobold!
HP[+1] No target in view!
No target in view!
No target in view!
No target in view!
No target in view!
No target in view!
No target in view!
No target in view!
No target in view!
No target in view!
No target in view!
Your tentacle spike disappears.
There is a stone staircase leading down here.
A hound skeleton comes into view.
HP[+8] MP[+2]
Your hp is fully restored (41).
Your mp is fully restored (9).
One of your tentacles grows a vicious spike.
MP[-1]
You lost 1 mp, and now have 8/9 mp.
You closely miss the hound skeleton. You grab the hound skeleton.
You squeeze the hound skeleton. You constrict the hound skeleton.
You completely miss the hound skeleton. You constrict the hound skeleton.
The hound skeleton completely misses you.
You hit the hound skeleton.
You pierce the hound skeleton.
Your squeeze misses the hound skeleton. You constrict the hound skeleton.
The hound skeleton closely misses you.
You hit the hound skeleton but do no damage.
You pierce the hound skeleton.
You constrict the hound skeleton.
The hound skeleton bites you but does no damage.
You hit the hound skeleton.
You pierce the hound skeleton.
You destroy the hound skeleton!
No target in view!
No target in view!
No target in view!
Your transformation is almost over.
Your tentacle spike disappears.
Ashenzari invites you to partake of a vision and a curse of beguiling and companions.
MP[+1]
Your mp is fully restored (9).
d - 4 scrolls labelled EKKYS IZIPU (gained 1)
A hobgoblin comes into view.
One of your tentacles grows a vicious spike.
MP[-1]
You lost 1 mp, and now have 8/9 mp.
The helpless hobgoblin fails to defend itself.
You puncture the hobgoblin!
You kill the hobgoblin!
No target in view!
No target in view!
No target in view!
No target in view!
No target in view!
No target in view!
No target in view!
No target in view!
Your transformation is almost over.
You open the door.
An ogre comes into view. It is wielding a +0 giant club.
There is an open door here.
MP[+1]
Your mp is fully restored (9).
You extend your transformation's duration.
MP[-1]
You lost 1 mp, and now have 8/9 mp.
The ogre shouts!
The ogre hits you with a +0 giant club!!
HP[-20]
You take 20 damage, and now have 21/41 hp.
MASSIVE DAMAGE!! (PAUSE)
You hit the ogre but do no damage.
You pierce the ogre.
The ogre hits you with a +0 giant club!
* * * LOW HITPOINT WARNING * * *
You are too injured to fight recklessly!
HP[-16]
You take 16 damage, and now have 5/41 hp.
MASSIVE DAMAGE!! (PAUSE)
You are too injured to fight recklessly!
You are too injured to fight recklessly!
You are too injured to fight recklessly!
You are too injured to fight recklessly!
You are too injured to fight recklessly!
You are too injured to fight recklessly!
You are too injured to fight recklessly!
You are too injured to fight recklessly!
You are too injured to fight recklessly!
You are too injured to fight recklessly!
You hit the ogre.
You pierce the ogre.
You squeeze the ogre! You hit the ogre but do no damage.
The ogre hits you with a +0 giant club!
You die...

Skill      XL: |  1  2  3  4  5 |
---------------+----------------+-----
Stealth        | 1 2 3 |  3.4
Fighting       | 2 |  2.6
Unarmed Combat | 4 |  4.7
Dodging        | 3 |  3.2
Spellcasting   | |  2.0
Transmutations | |  2.0

Action                   |  1- 3 |  4- 6 || total
-------------------------+-------+-------++-------
Melee: Unarmed           |    42 |    20 ||    62
       Kick              |    13 |    22 ||    35
       Tentacles         |     8 |    23 ||    31
       Constrict         |    12 |    18 ||    30
       Punch             |     2 |     3 ||     5
       Dagger            |       |    65 ||    65
 Cast: Beastly Appendage |    20 |    22 ||    42
 Stab: Sleeping          |    10 |    10 ||    20
Armor: Skin              |     2 |     3 ||     5
Dodge: Dodged            |    20 |    31 ||    51

Levels and vault maps discovered:
D:1:      minmay_arrival_four_houses, layout_rooms,
          hellmonk_ecumenical_altar_watching_god, serial_shops,
          nicolae_shop_overgrown_old_shop, serial_bayou_pond_d
D:2:      layout_loops_ring
D:3:      minmay_door_path, layout_basic, mainiacjoe_overflow_divided_tiny,
          gammafunk_ghost_abyssal_escape, serial_forest,
          infiniplex_forest_clump_C, infiniplex_forest_fountain,
          infiniplex_forest_clump_medium, infiniplex_forest_clump_small,
          infiniplex_forest_clump_medium, infiniplex_forest_clump_C,
          infiniplex_forest_straight_4
D:4:      layout_loops_cross, kennysheep_mini, minivault_11,
          guppyfry_early_lair_pool, uniq_crazy_yiuf_cottage

Notes
Turn   | Place    | Note
-------+----------+-------------------------------------------
     0 | D:1      | zeratav the Octopode Transmuter began the quest for the
                  | Orb.
     0 | D:1      | Reached XP level 1. HP: 13/13 MP: 3/3
     0 | D:1      | magus.rc [v1.9.6]
    84 | D:1      | Found Xerak's Antique Weapon Shop.
   179 | D:1      | Reached XP level 2. HP: 16/18 MP: 3/5
   184 | D:1      | Reached skill level 1 in Stealth
   287 | D:1      | You pick up a book of Displacement and begin reading...
   287 | D:1      | You add the spells Lesser Beckoning, Gell's Gravitas and
                  | Teleport Other to your library.
   480 | D:1      | Noticed a great orb of eyes
   482 | D:1      | Found a faded altar of an unknown god.
   496 | D:1      | Noticed a shining eye
   500 | D:1      | Noticed a shining eye
   500 | D:1      | Noticed a great orb of eyes
   614 | D:2      | HP: 1/18 [hound (4)]
   616 | D:2      | Reached XP level 3. HP: 2/24 MP: 6/6
  1040 | D:2      | You add the spells Malign Gateway and Summon Horrible
                  | Things to your library.
  1066 | D:2      | Noticed a necrophage
  1109 | D:2      | Reached skill level 2 in Stealth
  1133 | D:2      | Reached XP level 4. HP: 29/29 MP: 5/7
  1155 | D:2      | Killed a necrophage
  1156 | D:2      | Reached skill level 2 in Fighting
  1156 | D:2      | Reached skill level 4 in Unarmed Combat
  1156 | D:2      | Reached XP level 5. HP: 24/34 MP: 6/8
  1964 | D:3      | Noticed a kobold brigand
  1966 | D:3      | Noticed an ancient zyme
  1991 | D:3      | Reached skill level 3 in Dodging
  2021 | D:3      | Reached skill level 3 in Stealth
  2236 | D:3      | Found a radiant altar of Vehumet.
  2237 | D:3      | Found a broken altar of Ashenzari.
  2339 | D:3      | Became a worshipper of Ashenzari the Shackled
  2637 | D:3      | Found a one-way gate to the infinite horrors of the Abyss.
  2637 | D:3      | Noticed GilGalad's ghost (amateur DjFE)
  2643 | D:3      | Found a transporter.
  2647 | D:3      | Found a transporter.
  3227 | D:4      | Found a hazy altar of Hepliaklqana.
  3240 | D:4      | Reached XP level 6. HP: 32/41 MP: 7/9
  3429 | D:4      | HP: 5/41 [ogre/+0 giant club (16)]
  3431 | D:4      | Mangled by an ogre

Vanquished Creatures
  A necrophage (D:2)
  A hound (D:2)
  A hound skeleton (D:4)
  5 adders
  2 worms (D:3)
  A dart slug (D:3)
  2 orcs (D:3)
  8 endoplasms
  3 giant cockroaches (D:1)
  4 goblins
  4 hobgoblins
  5 kobolds
  4 ball pythons
  6 bats
  7 rats
54 creatures vanquished.

Vanquished Creatures (others)
  A plant (D:3)
1 creature vanquished.

Grand Total: 55 creatures vanquished

Table legend:
 A = Non-vault XP
 B = Vault XP
 C = Vault XP percentage of total XP
 D = Non-vault monster count
 E = Vault monster count
 F = Vault count percentage of total count
                 A         B        C        D         E       F
            +---------+---------+-------+---------+---------+-------
      Total |     313 |      33 |   9.5 |      49 |       5 |   9.3
            +---------+---------+-------+---------+---------+-------
        D:1 |      28 |       0 |   0.0 |      16 |       0 |   0.0
        D:2 |     190 |       0 |   0.0 |      13 |       0 |   0.0
        D:3 |      59 |       6 |   9.2 |      15 |       3 |  16.7
        D:4 |      36 |      27 |  42.9 |       5 |       2 |  28.6
            +---------+---------+-------+---------+---------+-------

Illustrated notes

Table legend:
 A = Kills in this place as a percentage of kills in entire the game.
 B = Kills by you in this place as a percentage of kills by you in the entire game.
 C = Kills by friends in this place as a percentage of kills by friends in the entire game.
 D = Other kills in this place as a percentage of other kills in the entire game.
 E = Experience gained in this place as a percentage of experience gained in the entire game.
 F = Experience gained in this place divided by the number of levels of this place that you have seen.
                   A       B       C       D       E      F
               +-------+-------+-------+-------+-------+----------------------
         Total | 100.0 | 100.0 |   N/A |   N/A | 100.0 |  86.5
       Dungeon | 100.0 | 100.0 |   N/A |   N/A | 100.0 |  86.5
               +-------+-------+-------+-------+-------+----------------------

Table legend: (Time is in decaauts)
 A = Elapsed time spent in this place.
 B = Non-inter-level travel time spent in this place.
 C = Inter-level travel time spent in this place.
 D = Time resting spent in this place.
 E = Time spent auto-exploring this place.
 F = Levels seen in this place.
 G = Mean time per level.
                   A        B        C        D        E       F      G
               +--------+--------+--------+--------+--------+-----+--------+
         Total |   3403 |   3338 |     65 |    548 |   2076 |   4 |  850.8 |
       Dungeon |   3403 |   3338 |     65 |    548 |   2076 |   4 |  850.8 |
               +--------+--------+--------+--------+--------+-----+--------+

Top non-repeatable levels by time:
     D:3: 1285 daAuts
     D:2: 1124 daAuts
     D:1: 589 daAuts
     D:4: 404 daAuts
